 Dungeon Crawl Stone Soup version 0.32-a0-893-gf85d74f360 (webtiles) character file.

Game seed: 17320941719640631875

79734 Autsider the Acrobat (level 15, 0/85 HPs)
             Began as a Felid Berserker on Apr 3, 2024.
             Was the Champion of Trog.
             Slain by Ecig's ghost (9 damage)
             ... on level 1 of the Orcish Mines.
             The game lasted 01:10:37 (19977 turns).

Autsider the Acrobat (Felid Berserker)             Turns: 19977, Time: 01:10:37

Health: 0/85       AC:  3    Str: 19    XL:     15   Next: 21%
Magic:  16/16      EV: 34    Int: 13    God:    Trog [******]
Gold:   2433       SH:  0    Dex: 15    Spells: 14/14 levels left
                                        Lives:  0   Deaths: 5

rFire   . .          .
                       - Unarmed
rCold   + . .        (shield unavailable)
rNeg    . . .        (body armour unavailable)
rPois   .            (helmet unavailable)
rElec   .            (cloak unavailable)
rCorr   .            (gloves unavailable)
SInv    +            (boots unavailable)
Will    +++++        f - amulet of regeneration
Stlth   +            c - ring of willpower
HPRegen 2.14/turn    G - ring of willpower
MPRegen 0.15/turn

%: no passive effects
@: on fire, flux-form, strong-willed, regenerating, glowing
A: glow, contaminating, very small, claws 1, fangs 3, see invisible, shaggy fur
3, stealthy paws, no weapons or thrown items, no armour, multi-lived
a: Begin Untransformation, Renounce Religion, Berserk, Trog's Hand, Brothers in
Arms


You were on level 1 of the Orcish Mines.
You worshipped Trog.
Trog was exalted by your worship.
You were something dangerously unstable.
You visited 3 branches of the dungeon, and saw 18 of its levels.
You also visited: Volcano.

You collected 2801 gold pieces.
You spent 368 gold pieces at shops.

Inventory:

Jewellery
 b - a ring of protection from cold
 c - a ring of willpower (left paw)
 f - an amulet of regeneration (around neck)
 j - a +6 ring of strength
 p - a ring of fire
 r - a ring of positive energy
 D - a ring of protection from fire
 E - the amulet of the Zebrataur {Acrobat Int-4 Dex+4}
   (You took it off a kobold on level 9 of the Dungeon)

   [amulet of the acrobat]

   Acrobat:   It increases your evasion while moving and waiting.
   Int-4:     It affects your intelligence (-4).
   Dex+4:     It affects your dexterity (+4).
 F - a ring of positive energy
 G - a ring of willpower (right paw)
Talismans
 l - a flux talisman (active)
 t - a dragon-blood talisman
Wands
 a - a wand of mindburst (15)
 k - a wand of iceblast (20)
 m - a wand of paralysis (13)
 y - a wand of flame (21)
 B - a wand of light (20)
Scrolls
 h - 3 scrolls of revelation
 o - a scroll of fear
 s - 2 scrolls of blinking
 u - 3 scrolls of teleportation {@r2}
 C - 15 scrolls of identify {@r1}
 I - a scroll of poison
 J - a scroll of torment
Potions
 d - 11 potions of curing {@q1}
 e - 4 potions of haste
 g - 5 potions of ambrosia
 i - a potion of mutation
 q - 4 potions of berserk rage
 w - 3 potions of heal wounds {@q2}
 x - 3 potions of attraction
 z - a potion of lignification
 A - a potion of might
Miscellaneous
 v - a phial of floods


   Skills:
 + Level 12.5 Fighting
 * Level 21.7 Dodging
 + Level 12.5 Unarmed Combat
 - Level 6.0 Evocations
 + Level 10.5 Shapeshifting


You had 14 spell levels left.
You didn't know any spells.
Your spell library was empty.

Dungeon Overview and Level Annotations

Branches:
Dungeon (12/15)            Temple (0/1) D:5            Lair (5/5) D:9
 Shoals (0/4) Lair:2       Spider (0/4) Lair:2        Slime (0/5) Lair:4
    Orc (1/2) D:10        Volcano (visited)

Altars:
Cheibriados
Xom
Beogh
Jiyva

Shops:
D:3 [*   D:4 :   D:7 (   D:8 !

Annotations:
D:1 exclusion: 3 downstairs
D:9 exclusion: downstairs
Orc:1 Ecig's ghost, journeyman DrSh; Flippered's ghost, journeyman GrEE; mopl's ghost, journeyman OpAl


Innate Abilities, Weirdness & Mutations

You are something dangerously unstable.
You glow with magical radiation, making you easy to see and hit.
Foes you strike become dangerously contaminated with magical radiation.
You have sharp claws.
You have razor-sharp teeth.
You have supernaturally acute eyesight. (SInv)
Your thick and shaggy fur keeps you warm. (AC +3, rC+)
Your paws help you pounce on unaware monsters.
You are incapable of wielding weapons or throwing items.
You cannot wear armour.
You gain extra lives every three experience levels.


Message History

Flippered's ghost casts a spell at you. The blast of sand misses you.
You scratch Flippered's ghost but do no damage.
Flippered's ghost shudders as magic cascades through it!!
Your bite misses Flippered's ghost.
Flippered's ghost is heavily damaged.
You claw Flippered's ghost!
Flippered's ghost begins to glow.
Flippered's ghost is heavily damaged.
Flippered's ghost says, "A rolling stone gathers plenty of Autsider."
You scratch Flippered's ghost.
Flippered's ghost glows dangerously bright.
Flippered's ghost is heavily damaged.
Flippered's ghost closely misses you. Ecig's ghost misses you.
Mopl's ghost misses you.
You scratch Flippered's ghost.
Flippered's ghost shudders as magic cascades through it!!!
Flippered's ghost is almost destroyed.
Flippered's ghost points at you and mumbles some strange words.
The stone arrow misses you.
You closely miss Flippered's ghost.
Flippered's ghost is almost destroyed.
Ecig's ghost hits you!
* * * LOW HITPOINT WARNING * * *
Mopl's ghost completely misses you. Flippered's ghost casts a spell at you.
The blast of sand misses you.
You barely miss Flippered's ghost.
Flippered's ghost is almost destroyed.
Ecig's ghost hits you!
* * * LOW HITPOINT WARNING * * *
Mopl's ghost sprays you with burning goo.
The sticky flame hits you!
You are covered in intense liquid fire!
* * * LOW HITPOINT WARNING * * *
You scratch Flippered's ghost.
Flippered's ghost begins to glow.
Flippered's ghost is almost destroyed.
The liquid fire burns you!
* * * LOW HITPOINT WARNING * * *
Ecig's ghost hits you!
You die...

....##.###)[[<>......#
. #.#.###)))).......
.......##.........#
............|......#
.....#................
..#. ##...........#..
..## ##.#...........
##............
##Wp○.........
#.WW..........
##.#....#.#.#.
######)##..######
##).⌠.#..####
#ß...$#....##
$.....#.....##.
$.....'........
ß.....'...#....#


You could see Ecig's ghost, Flippered's ghost (contam) and mopl's ghost.

Vanquished Creatures
  Kirke (Lair:3)
  Gastronok (Lair:3)
  2 slime creatures
  A red draconian (Volcano)
  A fire dragon (Lair:5)
  Fannar (Orc:1)
  3 hydras (Lair:4)
  2 boulder beetles
  The ghost of Autsider the Thaumaturge, a novice OnHW of Vehumet (Lair:1)
  3 two-headed ogres
  7 death yaks
  Urug (Lair:3)
  Sonja (D:12)
  An obsidian statue (D:12)
  A lindwurm (Lair:5)
  An orange crystal statue (D:12)
  2 orc knights (Orc:1)
  2 wolf spiders (Lair:5)
  2 orc sorcerers (Orc:1)
  A deep elf pyromancer (Volcano)
  The ghost of Alarak the Cleaver, a novice DsMo (D:7)
  An ugly thing (D:12)
  3 salamanders (Volcano)
  3 cyclopes (Volcano)
  A merfolk siren (Lair:2)
  10 elephants
  9 black mambas
  Joseph (D:8)
  5 gargoyles
  A guardian serpent (Lair:5)
  21 cane toads
  4 molten gargoyles (Volcano)
  6 torpor snails (Lair:5)
  5 rime drakes
  An unseen horror (D:12)
  Maggie (D:10)
  2 kobold demonologists (D:9)
  Jeremiah (D:7)
  Psyche (D:10)
  7 komodo dragons
  A polar bear (Lair:4)
  5 trolls
  4 tyrant leeches (Lair:5)
  11 hornets
  4 dream sheep (Lair:4)
  16 blink frogs
  14 wyverns
  Sigmund (D:3)
  A wraith (D:10)
  2 vampires
  2 shadows
  58 yaks
  3 redbacks
  6 vampire mosquitoes (D:12)
  The ghost of Sphara the Shooter, an amateur BaHu (D:4)
  3 basilisks (Lair:2)
  A steam dragon (Lair:1)
  5 hogs (Lair:3)
  4 wargs
  2 acid dragons
  31 water moccasins
  17 orc warriors
  2 laughing skulls (D:10)
  An ice beast (D:6)
  6 ogres
  3 black bears
  13 wolves
  3 centaurs
  2 phantoms
  5 kobold brigands
  A gnoll sergeant (D:11)
  11 bullfrogs
  3 scorpions
  4 wights (D:8)
  29 killer bees
  4 howler monkeys
  2 electric eels (Lair:3)
  3 hounds (D:5)
  13 orc priests
  2 bombardier beetles
  5 jellies
  2 gnoll boudas (D:8)
  7 iguanas
  Ijyb (D:4)
  Natasha (thrice) (D:3)
  11 orc wizards
  2 sleepcaps
  32 gnolls
  8 adders
  6 white imps
  3 ufetubi
  3 dart slugs
  4 ribbon worms
  50 orcs
  9 ball pythons
  3 endoplasms
  2 giant cockroaches (D:1)
  26 goblins
  31 hobgoblins
  8 jackals
  31 kobolds
  2 quokkas (D:2)
  8 bats
  2 frilled lizards (D:1)
  4 rats
681 creatures vanquished.

Vanquished Creatures (collateral kills)
  A komodo dragon (Lair:1)
  A yak (Lair:1)
2 creatures vanquished.

Vanquished Creatures (others)
  A jelly (D:5)
  A gnoll (D:8)
  A foxfire (Lair:1)
3 creatures vanquished.

Grand Total: 686 creatures vanquished

Notes
Turn   | Place    | Note
-------+----------+-------------------------------------------
     0 | D:1      | Autsider the Felid Berserker began the quest for the Orb.
     0 | D:1      | Reached XP level 1. HP: 12/12 MP: 2/2
   180 | D:1      | Reached XP level 2. HP: 16/16 MP: 3/3
   529 | D:1      | Reached XP level 3. HP: 20/20 MP: 4/4
   735 | D:1      | Reached skill level 5 in Dodging
   748 | D:1      | Reached ** piety under Trog
  1595 | D:2      | Reached XP level 4. HP: 24/24 MP: 5/5
  1595 | D:2      | Gained a life (2 lives remaining)
  2019 | D:3      | Noticed Natasha
  2025 | D:3      | Killed Natasha
  2026 | D:3      | Reached skill level 6 in Dodging
  2116 | D:3      | Reached XP level 5. HP: 29/29 MP: 6/6
  2125 | D:3      | Noticed Natasha
  2129 | D:3      | Noticed Sigmund
  2140 | D:3      | Killed Natasha
  2187 | D:3      | Killed Sigmund
  2188 | D:3      | Reached skill level 7 in Dodging
  2188 | D:3      | Gained mutation: You are covered in thick fur. (AC +2)
                  | [Felid growth]
  2188 | D:3      | Reached XP level 6. HP: 34/34 MP: 7/7
  2289 | D:3      | Noticed Natasha
  2301 | D:3      | Killed Natasha
  2496 | D:3      | Found Itsem's Assorted Antiques.
  2503 | D:3      | Bought a twisted fluorescent amulet for 100 gold pieces
  2602 | D:3      | Found Gunt's Armour Shoppe.
  2880 | D:4      | Reached *** piety under Trog
  2886 | D:4      | Reached XP level 7. HP: 34/38 MP: 8/8
  2914 | D:4      | Found Quam's Tremendous Tomes.
  2927 | D:4      | Reached skill level 8 in Dodging
  2952 | D:4      | Noticed Ijyb
  2960 | D:4      | Killed Ijyb
  2971 | D:4      | Found a runed translucent gate.
  2971 | D:4      | Found a runed translucent gate.
  2971 | D:4      | Found a runed translucent gate.
  2971 | D:4      | Noticed Sphara's ghost (amateur BaHu)
  2972 | D:4      | Identified the +5 mace of Imbalance {drain, Str-2 Dex+9}
  3058 | D:4      | Reached skill level 5 in Fighting
  3058 | D:4      | Reached skill level 5 in Unarmed Combat
  3069 | D:4      | Identified the +2 pair of boots of Exoy {Harm rN++ Will-
                  | Slay+2}
  3281 | D:5      | Entered Level 5 of the Dungeon
  3295 | D:5      | Reached skill level 1 in Shapeshifting
  3402 | D:5      | Reached skill level 9 in Dodging
  3601 | D:5      | Reached XP level 8. HP: 41/43 MP: 9/9
  3603 | D:5      | Noticed a troll
  3620 | D:5      | Killed a troll
  3790 | D:5      | Found a snail-covered altar of Cheibriados.
  3978 | D:5      | Found a staircase to the Ecumenical Temple.
  4128 | D:6      | Reached skill level 10 in Dodging
  4548 | D:6      | Reached XP level 9. HP: 32/48 MP: 10/10
  4562 | D:6      | Reached **** piety under Trog
  4685 | D:6      | Reached skill level 11 in Dodging
  5224 | D:7      | Noticed Alarak's ghost (novice DsMo)
  5231 | D:7      | Found a runed translucent gate.
  5231 | D:7      | Found a runed translucent gate.
  5232 | D:7      | Found a runed translucent gate.
  5557 | D:7      | Found Iwnyita's Weapon Shop.
  5720 | D:7      | Noticed Jeremiah
  5784 | D:8      | Reached skill level 5 in Shapeshifting
  5915 | D:8      | Reached skill level 12 in Dodging
  6010 | D:8      | Noticed Joseph
  6200 | D:7      | Killed Jeremiah
  6412 | D:8      | Noticed a two-headed ogre
  6423 | D:8      | Killed a two-headed ogre
  6424 | D:8      | Reached XP level 10. HP: 55/55 MP: 11/11
  6441 | D:8      | Found Xokhatz's Distillery.
  6557 | D:8      | Bought a potion of might for 48 gold pieces
  6557 | D:8      | Bought a potion of haste for 120 gold pieces
  6602 | D:8      | Killed Joseph
  6603 | D:8      | Reached skill level 13 in Dodging
  7123 | D:3      | Bought a notched wooden ring for 100 gold pieces
  8158 | D:4      | Found a roughly hewn altar of Beogh.
  8269 | D:4      | Killed Sphara's ghost
  8479 | D:9      | Killed from afar by a neqoxec
  8479 | D:9      | Lost a life (1 life remaining)
  8607 | D:9      | Reached ***** piety under Trog
  8741 | D:9      | Reached skill level 14 in Dodging
  8762 | D:9      | Reached XP level 11. HP: 60/60 MP: 12/12
  8762 | D:9      | Gained a life (2 lives remaining)
  8790 | D:9      | Found a shimmering altar of Xom.
  8827 | D:9      | Noticed a death yak
  8843 | D:9      | HP: 2/90 [death yak (28)]
  8848 | D:9      | Killed a death yak
  8887 | D:9      | Identified the amulet of the Zebrataur {Acrobat Int-4
                  | Dex+4}
  9002 | D:9      | Found a staircase to the Lair.
  9187 | D:10     | Entered Level 10 of the Dungeon
  9290 | D:10     | Noticed Maggie
  9307 | D:10     | Killed Maggie
  9308 | D:10     | Reached skill level 15 in Dodging
  9347 | D:10     | Reached skill level 1 in Evocations
  9407 | D:10     | Noticed Psyche
  9440 | D:10     | Killed Psyche
  9774 | D:10     | Found a roughly hewn altar of Beogh.
  9774 | D:10     | Found a staircase to the Orcish Mines.
 10061 | D:11     | Identified the +1 trident of Lust {protect, Will++}
 10319 | D:11     | Noticed a two-headed ogre
 10329 | D:11     | Killed a two-headed ogre
 10463 | D:11     | Identified a scroll of acquirement
 10463 | D:11     | Acquired 792 gold pieces
 10829 | D:12     | Noticed an orange crystal statue
 10829 | D:12     | Noticed an obsidian statue
 10840 | D:12     | Noticed a sun demon
 10840 | D:12     | Noticed a sun demon
 10843 | D:12     | Killed an obsidian statue
 10844 | D:12     | Reached skill level 16 in Dodging
 10872 | D:12     | Noticed a two-headed ogre
 10872 | D:12     | Noticed a boulder beetle
 10883 | D:12     | Killed an orange crystal statue
 10884 | D:12     | Gained mutation: Your thick and shaggy fur keeps you warm.
                  | (AC +3, rC+) [Felid growth]
 10884 | D:12     | Reached XP level 12. HP: 20/66 MP: 0/13
 10886 | D:12     | Identified the +4 plate armour of the Engineer {Rampage
                  | rPois rC+}
 11187 | D:12     | Noticed Sonja
 11198 | D:12     | Killed Sonja
 11202 | D:12     | HP: 2/66 [poisoned by Sonja]
 11613 | D:12     | Found a roughly hewn altar of Beogh.
 11671 | D:12     | Killed from afar by an orc priest
 11671 | D:12     | Lost a life (1 life remaining)
 12025 | D:12     | Noticed a two-headed ogre
 12034 | D:12     | Killed a two-headed ogre
 12314 | Lair:1   | Entered Level 1 of the Lair of Beasts
 12324 | Lair:1   | Reached skill level 17 in Dodging
 12360 | Lair:1   | Found a transporter.
 12369 | Lair:1   | Noticed Autsider's ghost (novice OnHW)
 12451 | Lair:1   | Reached skill level 5 in Evocations
 12747 | Lair:1   | Reached skill level 10 in Unarmed Combat
 12819 | Lair:1   | Reached skill level 10 in Fighting
 12829 | Lair:1   | Found a transporter.
 13099 | Lair:1   | Killed Autsider's ghost
 13298 | D:7      | Reached XP level 13. HP: 44/72 MP: 14/14
 13298 | D:7      | Gained a life (2 lives remaining)
 13305 | D:7      | Killed Alarak's ghost
 13314 | D:7      | HP: 3/72 [poisoned by Alarak's ghost]
 13635 | Lair:2   | Reached skill level 18 in Dodging
 13692 | Lair:2   | Found a dark tunnel.
 13707 | Volcano  | Entered a volcano
 13919 | Volcano  | Slain by a salamander
 13919 | Volcano  | Lost a life (1 life remaining)
 13962 | Volcano  | Noticed an orb of fire
 13965 | Volcano  | Noticed a red draconian
 13978 | Volcano  | Killed a red draconian
 14052 | Volcano  | Noticed an orb of fire
 14455 | Lair:2   | Found a hole to the Spider Nest.
 14559 | Lair:2   | Found a staircase to the Shoals.
 14687 | Lair:2   | Reached skill level 19 in Dodging
 15030 | Lair:3   | Noticed Kirke
 15062 | Lair:3   | Killed Kirke
 15184 | Lair:3   | Reached ****** piety under Trog
 15222 | Lair:3   | Noticed Urug
 15250 | Lair:3   | Killed Urug
 15345 | Lair:3   | Noticed Gastronok
 15358 | Lair:3   | Killed Gastronok
 15461 | Lair:3   | Reached XP level 14. HP: 79/79 MP: 15/15
 15461 | Lair:3   | Gained a life (2 lives remaining)
 16491 | Lair:4   | Found a staircase to the Slime Pits.
 16500 | Lair:4   | Found a viscous altar of Jiyva.
 16556 | Lair:4   | Reached skill level 20 in Dodging
 16799 | Lair:4   | Slain by a water moccasin
 16799 | Lair:4   | Lost a life (1 life remaining)
 17087 | Lair:4   | Found the +8 whip "Snakebite" {venom, curare, rPois}
 17521 | Lair:5   | Entered Level 5 of the Lair of Beasts
 17655 | Lair:5   | Mangled by a black mamba
 17655 | Lair:5   | Lost a life (0 lives remaining)
 17789 | Lair:5   | Reached skill level 10 in Shapeshifting
 17820 | Lair:5   | Paralysed by a hornet for 2 turns
 17984 | Lair:5   | Paralysed by a hornet for 1 turns
 18058 | Lair:5   | Reached skill level 21 in Dodging
 18427 | Lair:5   | HP: 2/80 [blink frog (13)]
 18818 | Lair:5   | Reached XP level 15. HP: 16/85 MP: 16/16
 18824 | Lair:5   | HP: 6/127 [poisoned by a cane toad]
 19681 | Orc:1    | Entered Level 1 of the Orcish Mines
 19843 | Orc:1    | Noticed Fannar
 19884 | Orc:1    | Killed Fannar
 19901 | Orc:1    | Found a runed translucent gate.
 19902 | Orc:1    | Found a runed translucent gate.
 19904 | Orc:1    | Found a runed translucent gate.
 19905 | Orc:1    | Noticed Ecig's ghost (journeyman DrSh)
 19906 | Orc:1    | Noticed Flippered's ghost (journeyman GrEE)
 19906 | Orc:1    | Noticed mopl's ghost (journeyman OpAl)
 19977 | Orc:1    | Slain by Ecig's ghost

Illustrated notes

Levels and vault maps discovered:
D:1:      heliophobic_arrival_glass_houses, layout_basic
D:2:      layout_basic
D:3:      layout_rooms, serial_shops, nicolae_shop_rolling_square, shop,
          minmay_misc_feat_tower, uniq_sigmund, uniq_natasha
D:4:      minmay_goblin_kobold_castle, layout_basic, biasface_ghost_orc_armoury,
          nicolae_shop_i_like_big_books, minmay_ruptured, uniq_ijyb
D:5:      layout_basic, chei_slow_surprise, minmay_temple_entry_offerings
D:6:      minmay_chambers_of_fours, layout_basic, serial_glass, glass_columns_b,
          glass_columns_c
D:7:      layout_layer_cave, gammafunk_ghost_split, serial_shops,
          nicolae_shop_bloodbath_and_beyond, uniq_jeremiah
D:8:      layout_rooms, serial_shops, shop, kennysheep_generic_room_2,
          uniq_joseph
D:9:      layout_basic, lemuel_crystal_altar, dpeg_lair_monsters
D:10:     layout_gridville, david_orc_5, uniq_maggie, uniq_psyche
D:11:     layout_loops_ring
D:12:     layout_basic, special_room [special_room_orc], minmay_more_statues,
          uniq_sonja
Lair:1:   layout_hall_layers, nzn_ghost_randoct, st_stairs_7
Lair:2:   layout_concentric_octagons, elwin_shoals_entry_rooms,
          spider_nest_entry_webs, enter_volcano_2,
          dreamdust_deal_with_the_devil, lemuel_fruit_tree
Lair:3:   layout_regular_city, pdpol_lair_neglected_garden,
          serial_bayou_shore_a, infiniplex_staircase_pool, uniq_urug,
          uniq_kirke, uniq_gastronok
Lair:4:   minmay_guarded_unrand_snakebite, layout_gridlike,
          nicolae_slime_entry_field_trip, minivault_24
Lair:5:   wormcave, layout_regular_city, hangedman_lair_tendril_chambers,
          serial_bayou_ford_a
Orc:1:    layout_caves, gammafunk_ghost_cemetery, basic_altar, uniq_fannar

Skill      XL: |  1  2  3  4  5  6  7  8  9 10 11 12 13 14 |
---------------+-------------------------------------------+-----
Dodging        | 5 6 7 9 10 12 14 16 17 19 21 | 21.7
Fighting       | 4 5 6 7 9 10 11 12 | 12.5
Unarmed Combat | 4 5 6 7 9 10 11 12 | 12.5
Shapeshifting  | 1 3 5 6 7 8 9 10 | 10.5
Evocations     | 3 5 6 |  6.0

Action                     |  1- 3 |  4- 6 |  7- 9 | 10-12 | 13-15 || total
---------------------------+-------+-------+-------+-------+-------++-------
  Melee: Unarmed           |   127 |   108 |   423 |  1085 |  1344 ||  3087
         Bite              |    12 |    19 |    48 |   158 |   225 ||   462
         Punch             |     1 |     5 |    17 |    24 |       ||    47
 Invoke: Berserk           |     1 |     3 |    11 |    15 |     8 ||    38
         Trog's Hand       |       |       |       |    11 |    12 ||    23
         Brothers in Arms  |       |       |       |     1 |       ||     1
  Evoke: Wand              |       |       |       |     1 |       ||     1
    Use: Scroll            |       |       |     2 |    19 |     4 ||    25
         Potion            |       |       |       |     3 |     1 ||     4
   Stab: Sleeping          |     2 |     3 |       |       |       ||     5
 Armour: Skin              |    50 |    34 |   140 |   257 |   291 ||   772
  Dodge: Dodged            |   108 |    68 |   435 |  1137 |  1492 ||  3240
   Form: Flux              |       |       |       |     1 |       ||     1

Table legend: (Time is in decaauts)
 A = Elapsed time spent in this place.
 B = Non-inter-level travel time spent in this place.
 C = Inter-level travel time spent in this place.
 D = Time resting spent in this place.
 E = Time spent auto-exploring this place.
 F = Levels seen in this place.
 G = Mean time per level.
                   A        B        C        D        E       F      G
               +--------+--------+--------+--------+--------+-----+--------+
         Total |  19880 |  18487 |   1393 |    995 |  12215 |  19 | 1046.3 |
       Dungeon |  12724 |  11626 |   1098 |    559 |   8212 |  12 | 1060.3 |
          Lair |   6482 |   6188 |    294 |    369 |   3819 |   5 | 1296.4 |
  Orcish Mines |    225 |    225 |      0 |     38 |     18 |   1 |  225.0 |
       Volcano |    448 |    448 |      0 |     28 |    164 |   1 |  448.0 |
               +--------+--------+--------+--------+--------+-----+--------+

Top non-repeatable levels by time:
  Lair:5: 1990 daAuts
     D:4: 1659 daAuts
    D:12: 1516 daAuts
     D:7: 1340 daAuts
  Lair:3: 1297 daAuts
  Lair:4: 1178 daAuts
  Lair:2: 1130 daAuts
     D:6: 1106 daAuts
     D:1: 1103 daAuts
     D:3: 964 daAuts
     D:8: 963 daAuts
  Lair:1: 884 daAuts
     D:2: 858 daAuts
    D:10: 851 daAuts
     D:9: 836 daAuts
